 Dungeon Crawl Stone Soup version 0.17-a0-1887-g3e50df6 (webtiles) character file.

232 kae the Archer (level 5, -1/34 HPs)
             Began as a High Elf Hunter on Sept 23, 2015.
             Slain by Grinder (2 damage)
             ... on level 4 of the Dungeon.
             The game lasted 00:06:48 (4211 turns).

kae the Archer (High Elf Hunter)                    Turns: 4211, Time: 00:06:48

Health: -1/34      AC:  5    Str: 16      XL:     5   Next: 73%
Magic:  0/6        EV: 12    Int: 14      God:
Gold:   210        SH:  0    Dex: 15 (17) Spells: 0 memorised, 4 levels left

rFire  . . .     SeeInvis .     a - +2 shortbow
rCold  . . .     Clarity  .     d - +1 leather armour
rNeg   . . .     SustAt   .     (no shield)
rPois  .         Gourm    .     (no helmet)
rElec  .         Spirit   +     j - +0 cloak
rCorr  .         Warding  .     (no gloves)
rMut   .         Stasis   .     (no boots)
MR     +....                    q - amulet of guardian spirit
Stlth  ++........               (no ring)
                                k - ring of flight

@: mighty, flying, very slightly contaminated, invisible (expiring), somewhat
resistant to hostile enchantments, unstealthy
A: magic resistance 1
a: no special abilities


You were on level 4 of the Dungeon.
You were near starving.

You visited 2 branches of the dungeon, and saw 5 of its levels.

You collected 210 gold pieces.

Inventory:

Hand weapons
 a - a +2 shortbow (weapon)
 b - a +0 hand axe of electrocution
 u - a +0 short sword
Missiles
 c - 52 arrows (quivered)
Armour
 d - a +1 leather armour (worn)
 j - a +0 cloak (worn)
Jewellery
 k - a ring of flight (left hand)
 q - an amulet of guardian spirit (around neck)
Scrolls
 t - a scroll of remove curse
Comestibles
 z - 5 bread rations


   Skills:
 - Level 2.0 Fighting
 + Level 9.3 Bows
 - Level 2.1 Dodging
 - Level 1.1 Stealth


You had 4 spell levels left.
You didn't know any spells.

Dungeon Overview and Level Annotations

Branches:
Dungeon (4/15)             Temple (1/1) D:4

Altars:
Ashenzari
Cheibriados
Dithmenos
Elyvilon
Gozag
Qazlal
Trog
Yredelemnul
Zin
The Shining One

Annotations:
D:4 exclusion: door, Grinder; kae's ghost, average HEHu


Innate Abilities, Weirdness & Mutations

You are resistant to hostile enchantments.


Message History

Press: ? - help, Shift-Dir - straight line, f/p - Grinder
Aim: Grinder (moderately wounded)
You shoot an arrow. The arrow hits Grinder.
Grinder is moderately wounded.
Grinder gestures.
Grinder blinks!
Firing (i - inventory):
c - 53 arrows (quivered)
Press: ? - help, Shift-Dir - straight line, f/p - Grinder
Aim: Grinder (moderately wounded)
Okay, then.
You flicker for a moment.
Firing (i - inventory):
c - 53 arrows (quivered)
Press: ? - help, Shift-Dir - straight line, f/p - Grinder
Aim: Grinder (moderately wounded)
You shoot an arrow. The arrow hits Grinder!
Grinder is severely wounded.
Grinder hits you!
* * * LOW HITPOINT WARNING * * *
You writhe in agony.
You die...

.....#.......+........#
#....+.......#.......#
#....#.......#.......#
.....#.......+....$..#
##'###.......#......$##
.............#.(......#
......................+
............#.#.#†#.#.#
................@.....#.
............#..5....#..#
?....###+##..!...........
###+## .....#...>...#)...
# ................... +
....%.#.......#.#.. #
................#.. #
.....)#.#.#.#.#.# #
.............!..+


You could see Grinder.

Vanquished Creatures
  An orc wizard (D:3)
  An orc priest (D:4)
  An iguana (D:4)
  2 worker ants (D:4)
  3 adders
  A worm (D:2)
  3 giant geckos
  3 orcs
  7 bats
  5 giant cockroaches
  11 hobgoblins
  10 kobolds
  A quokka (D:4)
  A ball python (D:1)
  6 goblins
  3 rats
59 creatures vanquished.

Vanquished Creatures (others)
  2 plants
2 creatures vanquished.

Grand Total: 61 creatures vanquished

Notes
Turn   | Place    | Note
--------------------------------------------------------------
     0 | D:1      | kae the High Elf Hunter began the quest for the Orb.
     0 | D:1      | Reached XP level 1. HP: 14/14 MP: 2/2
   438 | D:1      | Reached XP level 2. HP: 17/19 MP: 3/3
   476 | D:1      | Reached skill level 6 in Bows
  1120 | D:1      | Reached XP level 3. HP: 22/24 MP: 4/4
  1714 | D:2      | Reached skill level 7 in Bows
  1770 | D:2      | Found a shadowy altar of Dithmenos.
  2278 | D:3      | Found a stormy altar of Qazlal.
  2291 | D:3      | Reached XP level 4. HP: 26/29 MP: 5/5
  2837 | D:3      | Reached skill level 8 in Bows
  3225 | D:4      | Reached XP level 5. HP: 17/34 MP: 4/6
  3548 | D:4      | Noticed kae's ghost (average HEHu)
  3768 | D:4      | Reached skill level 9 in Bows
  3897 | D:4      | Found a staircase to the Ecumenical Temple.
  3910 | D:4      | Noticed Grinder
  3915 | D:4      | Paralysed by Grinder for 3 turns
  3925 | Temple   | Entered the Ecumenical Temple
  4173 | Temple   | Gained mutation: You are resistant to hostile enchantments. [potion of beneficial mutation]
  4211 | D:4      | HP: 1/34 [Grinder (8)]
  4211 | D:4      | Slain by Grinder

Vault maps used:
D:1:      dpeg_arrival_castle
D:2:      nicolae_dithmenos_through_a_glass_darkly, first_bread,
          lexackson_kobold_supper
D:3:      nicolae_qazlal_general_emergency
D:4:      grunt_temple_overflow_growth_and_decay, minmay_temple_entry_glass,
          uniq_grinder, uniq_sigmund
Temple:   temple_eino_lava_8

Action                   |  1- 3 |  4- 6 || total
-------------------------+-------+-------++-------
Melee: Short sword       |   199 |    42 ||   241
       Dagger            |     1 |       ||     1
       Hand axe          |       |    24 ||    24
 Fire: Shortbow          |    19 |    47 ||    66
  Use: Scroll            |     3 |     4 ||     7
       Potion            |     2 |     7 ||     9
 Stab: Sleeping          |       |     1 ||     1
       Invisible         |       |     1 ||     1
  Eat: Chunk             |     5 |     4 ||     9
